 Dungeon Crawl Stone Soup version 0.17.1-1-g73c8601 (webtiles) character file.

114 Andry07 the Cudgeler (level 4, -1/23 HPs)
             Began as a Vine Stalker Fighter on Dec 27, 2015.
             Slain by Natasha (3 damage)
             ... on level 2 of the Dungeon.
             The game lasted 00:02:56 (1021 turns).

Andry07 the Cudgeler (Vine Stalker Fighter)         Turns: 1021, Time: 00:02:56

Health: -1/23      AC: 11    Str: 24    XL:     4   Next: 98%
Magic:  0/5        EV:  7    Int:  8    God:
Gold:   85         SH:  9    Dex: 14    Spells: 0 memorised, 3 levels left

rFire  . . .     SeeInvis .     f - +2 mace (protect)
rCold  . . .     Clarity  .     b - +0 scale mail
rNeg   . . .     SustAt   .     c - +0 shield
rPois  .         Gourm    .     (no helmet)
rElec  .         Spirit   +     (no cloak)
rCorr  .         Warding  .     (no gloves)
rMut   .         Stasis   .     (no boots)
MR     .....                    (no amulet)
Stlth  ..........               (no ring)
                                (no ring)

@: mighty, slowed, very slow, not resistant to hostile enchantments, extremely
unstealthy
A: fangs 2, regeneration 1, magic shield, antimagic bite, no device heal 3, rot
immunity
a: no special abilities


You were on level 2 of the Dungeon.
You were hungry.

You visited 1 branch of the dungeon, and saw 2 of its levels.

You collected 85 gold pieces.

Inventory:

Hand Weapons
 a - a +0 long sword
 f - a +2 mace of protection (weapon)
Armour
 b - a +0 scale mail (worn)
 c - a +0 shield (worn)
Wands
 n - a wand of confusion (6)
Scrolls
 h - a scroll of remove curse {unknown}
 j - a scroll of identify {unknown}
 l - a scroll of enchant armour {unknown}
Potions
 g - a potion of magic {unknown}
 k - 2 potions of curing {unknown}
 m - a potion of heal wounds {unknown}
Comestibles
 e - 3 bread rations
 i - a beef jerky


   Skills:
 - Level 2.6 Fighting
 - Level 1.7 Long Blades
 + Level 4.0 Maces & Flails
 - Level 2.4 Armour
 - Level 2.6 Shields


You had 3 spell levels left.
You didn't know any spells.

Dungeon Overview and Level Annotations

Branches:
Dungeon (2/15)

Altars:

Annotations:
D:2 Natasha


Innate Abilities, Weirdness & Mutations

You have extremely sharp teeth.
Your natural rate of healing is unusually fast.
When hurt, damage is shared between your health and your magic reserves.
Your bite disrupts and absorbs the magic of your enemies.
Potions and wands cannot restore your health.
You are immune to rotting.


Message History

Found a potion of invisibility.
You see here a rat corpse.
A kobold comes into view. It is wielding a whip.
Natasha casts a spell at you. The magic dart hits you!
* * * LOW HITPOINT WARNING * * *
Found a paperback book.
Drink which item? (? for menu, Esc to quit)
You feel very mighty all of a sudden. Natasha claws you but does no damage.
You closely miss Natasha.
Natasha casts a spell.
Natasha claws you but does no damage.
You miss Natasha. Your bite misses Natasha.
Natasha claws you but does no damage. The crimson imp barely misses you.
You block Natasha's attack. You block the kobold's attack.
You sock Natasha!
Natasha is heavily wounded.
The crimson imp barely misses you. Natasha claws you.
You die...

......†.# #.'§............'.#
......).####.###'###.###'###.# #
..........#..# #.# #.# #.# #.# #.
........#....# #.###.###.# #.##..
........#....# #...'.'...# #.#...
........##...# #####.##### #†)...
......#..#...# #.# #)#)..
.............#######(#######.#...
................@h55.........##..
......#........5K##...#.....## #.
.#.......:###†.....[## #
......!.............#
#.....#.#.###.......# #.....#.#.#
#.......# #.##....#.. ##.....##
#. #....# .. ##...## #####


You could see Natasha, 3 crimson imps and a kobold.

Vanquished Creatures
  Ijyb (D:2)
  Jessica (D:2)
  An adder (D:2)
  A gnoll (D:1)
  2 oozes (D:1)
  A worm (D:2)
  A giant gecko (D:1)
  2 giant cockroaches (D:1)
  6 goblins
  4 hobgoblins (D:2)
  3 kobolds
  A bat (D:2)
  4 giant newts (D:1)
  5 rats
33 creatures vanquished.

Notes
Turn   | Place    | Note
--------------------------------------------------------------
     0 | D:1      | Andry07 the Vine Stalker Fighter began the quest for the Orb.
     0 | D:1      | Reached XP level 1. HP: 11/11 MP: 2/2
    26 | D:1      | Reached skill level 1 in Maces & Flails
    86 | D:1      | Reached XP level 2. HP: 16/16 MP: 3/3
   183 | D:1      | Reached XP level 3. HP: 19/19 MP: 4/4
   805 | D:2      | Noticed Ijyb
   840 | D:2      | Reached skill level 3 in Maces & Flails
   867 | D:2      | Killed Ijyb
   867 | D:2      | Reached XP level 4. HP: 20/23 MP: 5/5
   930 | D:2      | Noticed Jessica
   963 | D:2      | Killed Jessica
   963 | D:2      | Reached skill level 4 in Maces & Flails
   972 | D:2      | Noticed Natasha
  1017 | D:2      | HP: 1/23 [Natasha/magic dart (6)]
  1021 | D:2      | Slain by Natasha

Action                   |  1- 3 |  4- 6 || total
-------------------------+-------+-------++-------
Melee: Mace              |    89 |    29 ||   118
  Use: Potion            |       |     1 ||     1
